Match 42046552
Unlisted

Match 42046552
End
Selects Airborne Battlegroup
Selects Pathfinders
Pathfinder Squad
Construct Weapon Support Center
M1919 Machine Gun Team
Infantry Support Center
Engineer Squad
Selects Paratrooper Squad Paradrop
Paratrooper Squad Paradrop
Bazooka Squad
Paratrooper Squad Paradrop
Bazooka Squad
Bazooka Squad
Selects Anti-tank Gun Team Paradrop
Selects Recon Loiter
Construct Tank Depot
Recon Loiter
M4A1 Sherman Medium Tank
Engineer Squad
M4A1 Sherman Medium Tank
Selects Supply Drop
Recon Loiter
Selects Carpet Bombing Run
P3prime
TechBee
『BlackBear』
Well met!
0
0

Comments sign in to comment!

No comments posted yet!